 Dungeon Crawl Stone Soup version 0.23.2-1-ga50397a6bc (webtiles) character file.

Game seed: 17359561033488710325

83 Mrkan the Shield-Bearer (level 4, 0/29 HPs)
             Began as a Gargoyle Fighter on May 18, 2019.
             Killed from afar by an orc wizard (11 damage)
             ... with a puff of frost
             ... on level 3 of the Dungeon.
             The game lasted 00:02:24 (1450 turns).

Mrkan the Shield-Bearer (Gargoyle Fighter)          Turns: 1450, Time: 00:02:25

Health: 0/29       AC: 10    Str: 21    XL:     4   Next: 44%
Magic:  4/4        EV:  7    Int:  8    God:
Gold:   43         SH:  9    Dex:  9    Spells: 3/3 levels left

rFire    . . .     SeeInvis .   a - +0 flail
rCold    . . .     Gourm    .   c - +0 shield
rNeg     + . .     Faith    .   b - +0 scale mail
rPois    ∞         Spirit   .   (no helmet)
rElec    +         Reflect  .   (no cloak)
rCorr    .         Harm     .   (no gloves)
MR       .....                  (no boots)
Stlth    ..........             (no amulet)
HPRegen  0.09/turn              (no ring)
MPRegen  0.09/turn              (no ring)

@: no status effects
A: negative energy resistance 1, electricity resistance, unbreathing,
petrification resistance, rot immunity, AC +3
a: no special abilities


You were on level 3 of the Dungeon.
You were very hungry.

You visited 1 branch of the dungeon, and saw 3 of its levels.

You collected 43 gold pieces.

Inventory:

Hand Weapons
 a - a +0 flail (weapon)
Armour
 b - a +0 scale mail (worn)
 c - a +0 shield (worn)
Jewellery
 i - a cursed ring of attention {unknown}
 n - a +3 ring of intelligence {unknown}
Scrolls
 e - a scroll of teleportation {unknown}
 g - 2 scrolls of fear {unknown}
 k - a scroll of remove curse {unknown}
 l - 3 scrolls of identify {unknown}
 o - 2 scrolls of enchant weapon {unknown}
Potions
 d - a potion of might
 h - a potion of berserk rage {unknown}
 j - a potion of haste {unknown}
 m - a potion of ambrosia {unknown}
Comestibles
 f - 4 rations


   Skills:
 + Level 3.8 Fighting
 * Level 3.2 Maces & Flails
 + Level 3.8 Armour
 + Level 3.9 Shields


You had 3 spell levels left.
You didn't know any spells.
Your spell library was empty.

Dungeon Overview and Level Annotations

Branches:
Dungeon (3/15)

Altars:


Innate Abilities, Weirdness & Mutations

You are resistant to torment.
Your stone body is resilient. (AC +3)
You are immune to poison.
You resist negative energy. (rN+)
You are resistant to electric shocks. (rElec)
You can survive without breathing.
You are immune to petrification.
You are immune to rotting.


Message History

You closely miss something. Something hits you but does no damage.
You hear some strange, mumbled words.
A puff of frost appears from out of thin air!
The puff of frost hits you.
You closely miss something.
You hear some strange, mumbled words.
A magic dart appears from out of thin air!
The magic dart hits you but does no damage.
You miss something.
An orc wizard appears from thin air!
Reactivating autopickup.
The orc wizard hits you but does no damage.
You sock the orc wizard!
The orc wizard is almost dead.
The orc wizard miscasts a cantrip.
You miss the orc wizard.
The orc wizard is almost dead.
The orc wizard hits you with a +0 dagger.
The orc wizard gestures at you while chanting.
The puff of frost hits you!
You die...

###### #...... .
##....... ...
.............
.....######............
.......(@ooo...........
.....<#####........$...
...##.#..............$<
. #..................
...................
........?..<.......
..........##....o..
..?.......# .....o.
........$.# .......


You could see an orc wizard and 2 orcs.

Vanquished Creatures
  A worker ant (D:2)
  An adder (D:2)
  An ooze (D:2)
  A dart slug (D:2)
  A leopard gecko (D:2)
  An orc (D:3)
  5 bats
  2 giant cockroaches
  5 goblins
  8 hobgoblins
  A quokka (D:2)
  A frilled lizard (D:2)
  4 kobolds
  9 rats
41 creatures vanquished.

Notes
Turn   | Place    | Note
-------+----------+-------------------------------------------
     0 | D:1      | Mrkan the Gargoyle Fighter began the quest for the Orb.
     0 | D:1      | Reached XP level 1. HP: 14/14 MP: 1/1
   313 | D:1      | Reached XP level 2. HP: 19/19 MP: 2/2
   875 | D:2      | Reached XP level 3. HP: 21/24 MP: 3/3
   981 | D:2      | Reached XP level 4. HP: 29/29 MP: 4/4
  1450 | D:3      | Killed from afar by an orc wizard

Skill      XL: |  1  2  3 |
---------------+----------+-----
Maces & Flails | 3 |  3.2
Fighting       | |  3.8
Armour         | |  3.8
Shields        | |  3.9

Action                   |  1- 3 |  4- 6 || total
-------------------------+-------+-------++-------
Melee: Flail             |   111 |    49 ||   160
  Eat: Chunk             |       |     1 ||     1
Armor: Scale mail        |    77 |    32 ||   109
Dodge: Dodged            |    32 |    14 ||    46
Block: Shield            |    67 |    19 ||    86
